 Dungeon Crawl Stone Soup version 0.26-a0-466-g989023bd0d (webtiles) character file.

Game seed: 12273162759947963445

269 gruber the Conjurer (level 6, -12/36 HPs)
             Began as an Octopode Conjurer on Aug 7, 2020.
             Shot with an arrow by a centaur (17 damage)
             ... on level 4 of the Dungeon.
             The game lasted 00:05:11 (4490 turns).

gruber the Conjurer (Octopode Conjurer)             Turns: 4490, Time: 00:05:12

Health: -12/36     AC:  1    Str:  7    XL:     6   Next: 22%
Magic:  5/10       EV: 13    Int: 22    God:
Gold:   223        SH:  0    Dex: 10    Spells: 8/11 levels left

rFire    + . .     SeeInvis .   g - +1 dagger (drain)
rCold    . . .     Faith    .   (no shield)
rNeg     + . .     Spirit   .   (helmet restricted)
rPois    .         Reflect  .   (no amulet)
rElec    .         Harm     .   a - ring of positive energy
rCorr    .                      k - ring of protection from fire
MR       .....                  p - ring of attention (curse)
Stlth    ++........             (no ring)
HPRegen  0.12/turn              (no ring)
MPRegen  0.12/turn              (no ring)
                                (no ring)
                                (no ring)

@: no status effects
A: almost no armour, stealthy swim, amphibious, 8 rings, constrict 8, camouflage
1, gelatinous body 1
a: no special abilities


You were on level 4 of the Dungeon.
You visited 1 branch of the dungeon, and saw 4 of its levels.

You collected 223 gold pieces.

Inventory:

Hand Weapons
 g - a +1 dagger of draining (weapon)
Jewellery
 a - a ring of positive energy (left tentacle)
 k - a ring of protection from fire (right tentacle)
 l - an uncursed ring of fire
 p - a cursed ring of attention (on tentacle)
 r - an uncursed ring of positive energy
Scrolls
 b - 3 scrolls of teleportation {unknown}
 c - 3 scrolls of remove curse {unknown}
 d - 3 scrolls of identify {unknown}
 f - a scroll of amnesia {unknown}
 j - a scroll of fear {unknown}
 m - a scroll of enchant weapon {unknown}
 s - a scroll of fog {unknown}
Potions
 e - a potion of ambrosia {unknown}
 h - a potion of haste {unknown}
 i - a potion of cancellation {unknown}
 n - a potion of experience {unknown}
 o - a potion of heal wounds {unknown}
 q - a potion of curing {unknown}
 t - a potion of lignification {unknown}


   Skills:
 - Level 2.0 Dodging
 - Level 2.6 Stealth
 - Level 3.0 Spellcasting
 + Level 6.8 Conjurations


You had 8 spell levels left.
You knew the following spells:

 Your Spells              Type           Power        Failure   Level
a - Magic Dart            Conj           ####         1%          1
b - Searing Ray           Conj           ####..       1%          2

Your spell library contained the following spells:

 Spells                   Type           Power        Failure   Level
 Dazzling Flash           Conj/Hex       ###...       9%          3
 Fulminant Prism          Conj/Hex       ###.......   30%         4
 Iskenderun's Mystic Bla  Conj/Tloc      ###.....     30%         4


Dungeon Overview and Level Annotations

Branches:
Dungeon (4/15)
 Temple: D:4-7

Altars:
Fedhas
Sif Muna
Uskayaw
Vehumet


Innate Abilities, Weirdness & Mutations

You cannot wear most types of armour.
You are very stealthy in the water. (Stealth+)
You are amphibious.
You can wear up to eight rings at the same time.
You can use your tentacles to constrict eight enemies at once.
Your skin changes colour to match your surroundings (Stealth+).
Your rubbery body absorbs attacks. (AC +1, EV +1)


Message History

The searing ray hits the orc!
You kill the orc! (Press . to maintain the ray.)
The centaur shouts!
The orc shouts! x2; You hear a bark!
The centaur wields a +0 shortbow.
The centaur shoots an arrow.
The arrow hits you!
Unknown command.
The searing ray hits the orc!
You kill the orc!
The centaur shoots an arrow.
The arrow hits you!
The centaur unwields a +0 shortbow.
The centaur hits the bush.
The centaur wields a +0 shortbow.
The centaur shoots an arrow.
The arrow hits you!
* * * LOW HITPOINT WARNING * * *
You hear an angry hiss.
The searing ray hits the orc!
You kill the orc!
You finish channeling your searing ray.
The centaur shoots an arrow.
The arrow hits you!
You die... ###... .PcPP

##.....##.PP_
#...........PP
##$.......PPP
#.....(.....
.........# .
#..#...#o...
##.@..))...
#.<#.##.###
#..### .
##.### ## ..
#....# #.#...
###..##.....#
#..#...#
##.....#
###.###..#


You could see a centaur and an orc.

Vanquished Creatures
  An ogre (D:4)
  A worker ant zombie (D:2)
  Robin (D:2)
  6 adders
  3 worms
  4 dart slugs
  5 leopard geckos
  4 orcs
  A giant cockroach (D:2)
  12 goblins
  11 hobgoblins
  12 jackals
  2 quokkas
  A ball python (D:2)
  8 bats
  7 frilled lizards
  6 kobolds
  5 rats
90 creatures vanquished.

Vanquished Creatures (others)
  A goblin (D:3)
1 creature vanquished.

Grand Total: 91 creatures vanquished

Notes
Turn   | Place    | Note
-------+----------+-------------------------------------------
     0 | D:1      | gruber the Octopode Conjurer began the quest for the Orb.
     0 | D:1      | Reached XP level 1. HP: 11/11 MP: 3/3
   477 | D:1      | Reached XP level 2. HP: 17/17 MP: 3/5
   985 | D:1      | Reached XP level 3. HP: 14/21 MP: 3/6
  1475 | D:1      | Reached skill level 5 in Conjurations
  1837 | D:2      | Noticed Robin
  1908 | D:2      | Learned a level 2 spell: Searing Ray
  2255 | D:2      | Reached XP level 4. HP: 21/27 MP: 3/7
  2364 | D:2      | Killed Robin
  2717 | D:2      | Reached XP level 5. HP: 4/31 MP: 1/8
  2876 | D:2      | Reached skill level 6 in Conjurations
  3274 | D:2      | Found a hide-covered altar of Uskayaw.
  3286 | D:2      | Found a faded altar of an unknown god.
  3587 | D:3      | Found a radiant altar of Vehumet.
  3642 | D:3      | Found a shimmering blue altar of Sif Muna.
  4401 | D:4      | Noticed an ogre
  4406 | D:4      | Killed an ogre
  4406 | D:4      | Reached XP level 6. HP: 36/36 MP: 2/10
  4485 | D:4      | Found a blossoming altar of Fedhas.
  4490 | D:4      | Shot with an arrow by a centaur

Illustrated notes

Levels and vault maps discovered:
D:1:      dpeg_arrival_oval, layout_loops_corners
D:2:      layout_rooms, eat_drink_and_be_merry_uskayaw,
          chequers_ecumenical_altar_simple, uniq_robin
D:3:      layout_basic, overflow_temple_1_default, fiery_altar_vehumet
D:4:      layout_cave_pools, lemuel_doored_altar,
          nicolae_ru_sacrificial_ziggurat, yredelemnul_altar_generic,
          fedhas_bush_and_centaur_altar

Skill      XL: |  1  2  3  4  5 |
---------------+----------------+-----
Conjurations   | 5 6 |  6.8
Spellcasting   | 3 |  3.0
Dodging        | |  2.0
Stealth        | |  2.6

Action                   |  1- 3 |  4- 6 || total
-------------------------+-------+-------++-------
Melee: Unarmed           |    73 |     5 ||    78
       Constrict         |    15 |     8 ||    23
       Tentacles         |    10 |     5 ||    15
       Dagger            |       |    35 ||    35
 Cast: Magic Dart        |    26 |     1 ||    27
       Searing Ray       |     4 |    21 ||    25
 Stab: Sleeping          |     6 |     7 ||    13
Armor: Skin              |    15 |     6 ||    21
Dodge: Dodged            |    68 |    58 ||   126

Table legend: (Time is in decaauts)
 A = Elapsed time spent in this place.
 B = Non-inter-level travel time spent in this place.
 C = Inter-level travel time spent in this place.
 D = Time resting spent in this place.
 E = Time spent auto-exploring this place.
 F = Levels seen in this place.
 G = Mean time per level.
                   A        B        C        D        E       F      G
               +--------+--------+--------+--------+--------+-----+--------+
         Total |   4496 |   4367 |    129 |    451 |   3324 |   4 | 1124.0 |
       Dungeon |   4496 |   4367 |    129 |    451 |   3324 |   4 | 1124.0 |
               +--------+--------+--------+--------+--------+-----+--------+

Top non-repeatable levels by time:
     D:1: 2489 daAuts
     D:3: 1036 daAuts
     D:2: 881 daAuts
     D:4: 88 daAuts
